 Dungeon Crawl Stone Soup version 0.30.0-29-ga12c61a403 (webtiles) character file.

Game seed: 15449153237915228051

4104 ces the Skirmisher (level 10, -9/41 HPs)
             Began as a Spriggan Hunter on June 25, 2023.
             Was an Initiate of the Shining One.
             Killed from afar by Erolcha (42 damage)
             ... with a fireball
             ... on level 9 of the Dungeon on June 26, 2023.
             The game lasted 00:27:46 (8887 turns).

ces the Skirmisher (Spriggan Hunter)                Turns: 8887, Time: 00:27:46

Health: -9/41      AC:  3    Str:  9    XL:     10   Next: 6%
Magic:  11/11      EV: 18    Int: 11    God:    the Shining One [......]
Gold:   486        SH:  0    Dex: 21    Spells: 9/9 levels left

rFire   . . .        a - +2 shortbow
rCold   . . .        (shield currently unavailable)
rNeg    . . .        c - +2 robe
rPois   .            (helmet restricted)
rElec   .            (no cloak)
rCorr   .            (gloves unavailable)
SInv    +            (boots unavailable)
Will    +....        i - amulet of regeneration
Stlth   +            (no ring)
HPRegen 1.06/turn    (no ring)
MPRegen 0.12/turn

%: no passive effects
@: glowing, very quick
A: very small, no large weapons, unfitting armour, see invisible, speed 3,
deformed body, frail 1, subdued magic 1
a: Renounce Religion


You were on level 9 of the Dungeon.
You worshipped the Shining One.
The Shining One was noncommittal.
You visited 3 branches of the dungeon, and saw 11 of its levels.

You collected 486 gold pieces.

Inventory:

Hand Weapons
 a - a +2 shortbow (weapon)
Missiles
 q - 3 throwing nets
Armour
 c - a +2 robe (worn)
Jewellery
 i - an amulet of regeneration (around neck)
Wands
 n - a wand of flame (12)
 o - a wand of mindburst (1)
 r - a wand of digging (5)
Scrolls
 b - a scroll of immolation
 d - 4 scrolls of teleportation
 e - a scroll of summoning {unknown}
 f - a scroll of enchant armour
 g - a scroll of torment {unknown}
 j - a scroll of amnesia {unknown}
 l - 3 scrolls of brand weapon {unknown}
 s - a scroll of blinking
 w - a scroll of poison {unknown}
Potions
 h - a potion of resistance
 k - 2 potions of flight {unknown}
 m - a potion of might
 p - 3 potions of berserk rage
 t - a potion of magic {unknown}
 u - a potion of lignification {unknown}
 v - a potion of attraction {unknown}


   Skills:
 - Level 1.5 Fighting
 + Level 14.8 Ranged Weapons
 - Level 2.6 Dodging
 - Level 1.5 Stealth


You had 9 spell levels left.
You didn't know any spells.
Your spell library contained the following spells:

 Spells                   Type           Power      Damage    Failure   Level
 Kiss of Death            Conj/Necr      0%         2d5       30%         1
 Confusing Touch          Hex            0%         N/A       67%         3
 Frozen Ramparts          Ice            0%         1d1       67%         3
 Dispel Undead            Necr           0%         3d6       97%         4
 Ice Form                 Ice/Tmut       0%         N/A       97%         4
 Summon Ice Beast         Ice/Summ       0%         N/A       97%         4
 Iskenderun's Battlesphe  Conj           0%         2d6       100%        5
 Iron Shot                Conj/Erth      0%         9d1       100%        6
 Spellforged Servitor     Conj/Summ      0%         N/A       100%        7


Dungeon Overview and Level Annotations

Branches:
Dungeon (9/15)             Temple (1/1) D:7            Lair (1/5) D:8
    Orc: D:9-12

Altars:
Ashenzari
Cheibriados
Dithmenos
Elyvilon
Fedhas
Gozag
Hepliaklqana
Makhleb
Nemelex Xobeh
Okawaru
Qazlal
Ru
Sif Muna
Trog
Uskayaw
Vehumet
Wu Jian
Xom
Yredelemnul
Zin
The Shining One

Shops:
D:5 =

Annotations:
D:9 Erolcha


Innate Abilities, Weirdness & Mutations

You are very small and have problems with some larger weapons.
You are too small for most types of armour.
You have supernaturally acute eyesight. (SInv)
You cover ground extremely quickly. (Speed+++)
Armour fits poorly on your strangely shaped body.
You are frail. (-10% HP)
Your spells are a little easier to cast, but a little less powerful.


Message History

Erolcha is lightly wounded.
You shoot an arrow. The arrow hits Erolcha!
Erolcha is moderately wounded.
You shoot an arrow. The arrow barely misses Erolcha.
Found a potion of heal wounds.
You shoot an arrow. The arrow hits Erolcha.
Erolcha is moderately wounded.
Erolcha zaps a wand.
You hear a grinding noise.
You see here a potion of heal wounds.
You shoot an arrow.
The arrow hits Erolcha but does no damage.
Erolcha is moderately wounded.
You shoot an arrow. The arrow hits Erolcha.
Erolcha is moderately wounded.
Erolcha gestures wildly while chanting.
Erolcha blinks!
You shoot an arrow. The arrow closely misses Erolcha.
You shoot an arrow. The arrow hits Erolcha.
Erolcha is heavily wounded.
Erolcha points at you and mumbles some strange words.
The fireball explodes!
The fireball engulfs you!
You hear an angry hiss.
You shoot an arrow. The arrow hits Erolcha.
Erolcha is heavily wounded.
You shoot an arrow. The arrow barely misses Erolcha.
You shoot an arrow. The arrow hits Erolcha!
Erolcha is severely wounded.
Erolcha zaps a wand.
Some rock shatters into small pieces.
You shoot an arrow. The arrow hits Erolcha!
Erolcha is almost dead.
You shoot an arrow.
The arrow hits Erolcha but does no damage.
Erolcha is almost dead.
Erolcha mumbles some strange words.
Erolcha blinks!
Erolcha casts a spell at you.
The fireball explodes!
The fireball engulfs you!!!
Ouch! That really hurt!
You die...

.# ##.##### ############
#....... .... .....#
##..###.# #.. ....#
#.....#.# #.# #..#
#<......###.#######..###
##........<..†.........[.
.............#...........
##......@....#.###.......
##....#...$.#.###......#
.###.#.##................#
..........O..............#
###.#..#......>.##......#
#.#..#.####...##.......
#......# #...##.).....
###...§# #...###..##.#
#..#.####.......)...#


You could see Erolcha.

Vanquished Creatures
  A komodo dragon (D:8)
  2 wyverns
  A basilisk (D:8)
  5 yaks (D:8)
  2 steam dragons
  A water moccasin (D:8)
  An ice beast (D:6)
  2 black bears
  A sky beast (D:7)
  An ogre (D:5)
  2 centaurs (D:8)
  A bullfrog (D:9)
  A necrophage (D:6)
  A gnoll sergeant (D:8)
  A scorpion (D:6)
  5 killer bees
  A howler monkey (D:5)
  A gnoll bouda (D:5)
  5 orc priests
  7 hounds
  4 jellies
  5 orc wizards
  5 iguanas
  2 sleepcaps
  A hound skeleton (D:6)
  A mummy (D:7)
  7 adders
  16 gnolls
  2 shadow imps
  5 white imps
  An ufetubus (D:6)
  2 worms
  3 dart slugs
  22 orcs
  6 ball pythons
  9 endoplasms
  2 giant cockroaches
  6 goblins
  7 hobgoblins
  4 jackals
  8 kobolds
  6 quokkas
  8 bats
  2 frilled lizards (D:2)
  6 rats
182 creatures vanquished.

Notes
Turn   | Place    | Note
-------+----------+-------------------------------------------
     0 | D:1      | ces the Spriggan Hunter began the quest for the Orb.
     0 | D:1      | Reached XP level 1. HP: 10/10 MP: 2/2
   116 | D:1      | Reached XP level 2. HP: 14/14 MP: 3/3
   451 | D:1      | Reached skill level 5 in Ranged Weapons
   498 | D:1      | Reached XP level 3. HP: 18/18 MP: 4/4
  1105 | D:2      | Identified the +6 scale mail of Dyspraxia {rC+ Str+2}
  1176 | D:2      | Reached XP level 4. HP: 22/22 MP: 5/5
  1762 | D:3      | Found a radiant altar of Vehumet.
  1762 | D:3      | Found a glowing silver altar of Zin.
  1835 | D:3      | Reached skill level 6 in Ranged Weapons
  1881 | D:3      | Reached XP level 5. HP: 15/25 MP: 6/6
  2833 | D:3      | Gained mutation: You are frail. (-10% HP) [potion of
                  | mutation]
  2833 | D:3      | Gained mutation: Your body sometimes deteriorates upon
                  | taking damage. [potion of mutation]
  2833 | D:3      | Gained mutation: Your spells are a little harder to cast,
                  | but a little more powerful. [potion of mutation]
  2834 | D:3      | Lost mutation: Your body sometimes deteriorates upon taking
                  | damage. [potion of mutation]
  2834 | D:3      | Lost mutation: Your spells are a little harder to cast, but
                  | a little more powerful. [potion of mutation]
  2834 | D:3      | Gained mutation: You have hidden genetic defects. [potion
                  | of mutation]
  2872 | D:4      | Found a blossoming altar of Fedhas.
  2942 | D:4      | Noticed a black bear
  3532 | D:4      | Reached skill level 7 in Ranged Weapons
  3565 | D:4      | Gained mutation: Armour fits poorly on your strangely
                  | shaped body. [hidden defects]
  3649 | D:4      | Reached XP level 6. HP: 27/27 MP: 7/7
  3653 | D:4      | Gained mutation: Your spells are a little easier to cast,
                  | but a little less powerful. [hidden defects]
  3653 | D:4      | Lost mutation: You have hidden genetic defects. [hidden
                  | defects expressed]
  3787 | D:4      | Reached skill level 8 in Ranged Weapons
  3899 | D:5      | Entered Level 5 of the Dungeon
  3961 | D:5      | Found Anen's Jewellery Shoppe.
  4060 | D:5      | Reached XP level 7. HP: 29/29 MP: 8/8
  4227 | D:5      | Reached skill level 9 in Ranged Weapons
  4838 | D:4      | Reached skill level 10 in Ranged Weapons
  4874 | D:5      | Reached XP level 8. HP: 18/33 MP: 9/9
  5649 | D:6      | Found a burning altar of Makhleb.
  5656 | D:6      | Reached skill level 11 in Ranged Weapons
  6258 | D:6      | Found a hazy altar of Hepliaklqana.
  6397 | D:7      | Found a bloodstained altar of Trog.
  6539 | D:7      | Found a snail-covered altar of Cheibriados.
  6592 | D:7      | Reached skill level 12 in Ranged Weapons
  6623 | D:7      | Noticed a cyclops
  6629 | D:7      | HP: 1/33 [cyclops/large rock (29)]
  6858 | D:7      | Found a staircase to the Ecumenical Temple.
  6989 | Temple   | Entered the Ecumenical Temple
  7243 | Temple   | Became a worshipper of the Shining One
  7344 | D:8      | Reached XP level 9. HP: 31/36 MP: 10/10
  7535 | D:8      | Reached skill level 13 in Ranged Weapons
  7666 | D:8      | Noticed a komodo dragon
  7706 | D:8      | Killed a komodo dragon
  7734 | D:8      | Found a staircase to the Lair.
  7825 | Lair:1   | Entered Level 1 of the Lair of Beasts
  7844 | Lair:1   | Noticed a black mamba
  8002 | D:8      | Reached skill level 14 in Ranged Weapons
  8484 | D:8      | Noticed a kobold demonologist
  8699 | D:9      | Reached XP level 10. HP: 40/41 MP: 11/11
  8856 | D:9      | Noticed Erolcha
  8887 | D:9      | Killed from afar by Erolcha

Illustrated notes

Levels and vault maps discovered:
D:1:      spicycebolla_arrival_ecumenical, layout_loops_cross
D:2:      layout_rooms, chequers_serial_rivers_room_b
D:3:      layout_basic, gammafunk_temple_overflow_statue, minmay_bisected
D:4:      layout_rooms, lemuel_crystal_altar
D:5:      layout_loops_ring, serial_shops, nicolae_shop_gaudy_bauble
D:6:      layout_loops_corners, nzn_hepliaklqana_mist_gate,
          makhleb_blood_cavern_becter
D:7:      layout_rooms, slow_altar_1, trog_three_pillars_becter,
          minmay_temple_entry_nine_rooms
D:8:      kennysheep_windowed_halls, layout_basic, david_lair_shrubbed
D:9:      layout_loops_ring, uniq_erolcha
Temple:   dpeg_chambers_temple
Lair:1:   layout_cave_pods, minmay_lair_oklob_items, beast_lair_carwin_10

Skill      XL: |  1  2  3  4  5  6  7  8  9 |
---------------+----------------------------+-----
Ranged Weapons | 5 6 7 8 10 12 14 | 14.8
Fighting       | |  1.5
Dodging        | |  2.6
Stealth        | |  1.5

Action                     |  1- 3 |  4- 6 |  7- 9 | 10-12 || total
---------------------------+-------+-------+-------+-------++-------
   Fire: Shortbow          |    99 |   224 |   411 |    32 ||   766
    Use: Potion            |       |     7 |     3 |       ||    10
         Scroll            |       |       |     8 |       ||     8
 Armour: Robe              |     5 |     5 |    10 |       ||    20
  Dodge: Dodged            |    39 |    65 |   132 |     8 ||   244
